Map: Disco Bloodbath LE

Players

souL - Winner!

  • Race: Terran Terran
  • Spawn Location: 3:00

SKillous

  • Race: Protoss Protoss
  • Spawn Location: 9:00

VOD

Have the link to the VOD?

Description

Time

  • Played on: Sept. 6, 2019, 7:26 p.m.
  • Length: 9:09
Show
View Real Time Build Order
Export as new Build Order

souL Terran - Winner!

Build Orders: Reaper Expand 

Get SALT Encoding   

  12  0:00  SCV  
  13  0:13  SCV  
  14  0:17  Supply Depot  
  14  0:25  SCV  
  15  0:38  SCV  
  15  0:39  Barracks  
  16  0:45  Refinery  
  16  0:50  SCV  
  17  1:02  SCV  
  18  1:15  SCV  
  19  1:27  Orbital Command  
  19  1:29  Reaper  
  20  1:41  Command Center  
  20  1:48  Supply Depot  
  20  1:54  SCV  
  20  2:01  Marine  
  22  2:06  SCV  
  22  2:08  Factory  
  23  2:13  Refinery  
  23  2:19  SCV  
  24  2:24  Barracks Reactor  
  24  2:31  SCV  
  25  2:43  SCV  
  25  2:51  Hellion  
  25  2:52  Starport  
  25  2:54  Orbital Command  
  25  2:56  SCV  
  28  3:00  Marine x2  
  30  3:08  SCV  
  31  3:15  Widow Mine  
  31  3:17  Marine x2  
  35  3:20  SCV  
  35  3:21  SCV  
  37  3:32  SCV  
  35  3:34  Viking  
  35  3:35  SCV, Marine x2  
  40  3:42  Supply Depot  
  40  3:44  SCV  
  40  3:45  Factory Tech Lab  
  40  3:46  Barracks  
  40  3:48  SCV  
  42  3:53  Marine  
  42  3:54  Supply Depot  
  43  3:56  SCV  
  43  3:57  Marine  
  43  4:00  SCV  
  44  4:09  SCV  
  41  4:11  Marine  
  41  4:12  SCV  
  43  4:17  Barracks  
  43  4:20  Engineering Bay  
  43  4:21  SCV  
  44  4:26  SCV  
  44  4:27  Marine  
  46  4:32  Starport Reactor, Factory Tech Lab  
  46  4:33  SCV  
  46  4:38  SCV  
  48  4:39  Bunker  
  48  4:40  Stimpack  
  48  4:45  SCV  
  49  4:46  Missile Turret  
  49  4:47  Terran Infantry Weapons Level 1  
  49  4:50  SCV  
  50  4:55  Marine  
  50  4:56  Factory Reactor, Marine  
  50  4:57  SCV  
  50  4:58  Marine  
  49  5:02  SCV  
  51  5:09  SCV  
  51  5:13  Marine  
  50  5:14  SCV, Marine  
  50  5:15  Medivac x2  
  50  5:19  Refinery  
  55  5:21  SCV, Marine  
  55  5:24  Combat Shield  
  55  5:25  Marine  
  55  5:27  SCV  
  59  5:30  Marine  
  59  5:32  Marine  
  59  5:33  Supply Depot, SCV  
  62  5:36  Supply Depot  
  62  5:39  Marine  
  62  5:49  Supply Depot  
  62  5:55  Marine  
  62  5:56  Marine  
  62  5:58  SCV  
  62  6:02  Medivac, Marine  
  62  6:03  Widow Mine x2, SCV  
  72  6:04  Marauder  
  72  6:10  SCV  
  73  6:14  Marauder, Marine, Supply Depot  
  73  6:15  SCV  
  77  6:20  Concussive Shells, Marine  
  77  6:22  SCV  
  77  6:23  Supply Depot  
  81  6:25  Marauder  
  81  6:27  SCV  
  82  6:35  Marauder, Marine, SCV  
  80  6:40  Marine  
  80  6:45  Medivac x2  
  80  6:46  SCV  
  80  6:47  Marauder, SCV  
  84  6:50  Supply Depot, Refinery  
  84  6:52  Widow Mine x2, Marine  
  89  7:01  Command Center  
  89  7:03  Marauder, Marine  
  89  7:04  SCV  
  89  7:05  SCV  
  92  7:12  Supply Depot, Marauder  
  92  7:13  Supply Depot  
  94  7:17  Marine  
  94  7:21  SCV x2  
  92  7:25  Marauder, Medivac x2  
  98  7:33  SCV  
  98  7:34  Marauder  
  98  7:36  Marine  
  100  7:46  Marauder  
  100  7:50  SCV  
  100  7:51  SCV  
  102  7:52  Marine  
  102  7:55  Marauder  
  105  8:01  Medivac  
  105  8:03  Barracks, SCV  
  105  8:05  Barracks  
  106  8:07  Marauder  
  106  8:10  Marine  
  109  8:12  SCV  
  109  8:16  Marauder  
  109  8:19  Orbital Command  
  109  8:25  Marine  
  106  8:29  Marauder  
  106  8:34  Marine  
  106  8:35  Medivac x2  
  106  8:37  SCV  
  106  8:38  Marauder  
  111  8:43  Marine  
  111  8:44  SCV  
  111  8:45  SCV  
  107  8:49  SCV  
  111  8:56  SCV  
  111  9:02  Barracks Tech Lab, Barracks Reactor  
Show
View Real Time Build Order
Export as new Build Order

SKillous Protoss 

Build Orders: 1 Gate Expand, Oracle Opening, Phoenix Opening 

Get SALT Encoding   

  12  0:00  Probe  
  13  0:13  Probe  
  14  0:17  Pylon  
  14  0:25  Probe  
  15  0:33  Probe  
  15  0:35  Gateway  
  15  0:41  Probe  
  16  0:46  Assimilator  
  17  0:51  Probe  
  18  1:03  Probe  
  19  1:15  Probe  
  20  1:22  Cybernetics Core  
  20  1:33  Nexus  
  21  1:42  Pylon  
  21  1:43  Probe  
  21  1:49  Assimilator  
  21  1:50  Adept  
  21  1:55  Probe  
  24  2:07  Probe  
  25  2:13  Adept  
  25  2:18  Stargate  
  25  2:19  Probe  
  28  2:31  Probe  
  28  2:33  Warp Gate  
  29  2:43  Adept  
  29  2:44  Probe x2  
  33  2:52  Probe  
  33  2:55  Oracle  
  33  2:56  Probe  
  35  3:02  Probe  
  39  3:08  Probe  
  40  3:14  Probe  
  41  3:20  Pylon  
  41  3:21  Probe  
  42  3:31  Phoenix  
  44  3:36  Probe x2  
  46  3:47  Nexus  
  46  3:48  Phoenix, Probe x2  
  48  3:51  Pylon  
  48  4:00  Probe  
  48  4:02  Probe  
  52  4:05  Phoenix  
  46  4:12  Probe  
  46  4:13  Assimilator  
  49  4:18  Assimilator  
  49  4:20  Gateway, Probe  
  50  4:24  Probe  
  50  4:28  Gateway  
  51  4:33  Phoenix, Probe  
  51  4:36  Probe  
  55  4:45  Probe, Robotics Facility  
  56  4:46  Pylon  
  56  4:49  Probe  
  57  4:57  Probe  
  57  4:58  Probe, Phoenix  
  58  5:01  Probe  
  59  5:09  Probe  
  59  5:10  Probe  
  59  5:13  Probe  
  60  5:15  Phoenix  
  60  5:17  Stalker x2  
  60  5:21  Probe  
  65  5:23  Stalker  
  65  5:24  Probe  
  65  5:25  Probe  
  71  5:33  Probe  
  72  5:38  Robotics Bay  
  72  5:39  Immortal, Forge  
  72  5:40  Probe  
  72  5:41  Sentry  
  76  5:44  Assimilator  
  76  5:45  Probe  
  76  5:47  Pylon  
  80  5:51  Probe  
  80  5:52  Probe, Protoss Ground Weapons Level 1  
  82  5:57  Probe  
  82  6:01  Stalker  
  85  6:05  Pylon  
  85  6:06  Shield Battery, Stalker  
  85  6:07  Stalker  
  89  6:12  Probe x2  
  89  6:14  Probe  
  92  6:21  Pylon  
  92  6:24  Pylon, Probe x2  
  94  6:30  Stalker x2  
  94  6:31  Probe  
  91  6:38  Probe  
  91  6:41  Probe  
  91  6:42  Colossus  
  91  6:43  Probe  
  91  6:46  Probe  
  100  6:47  Assimilator  
  100  6:53  Probe  
  102  6:55  Probe x2, Extended Thermal Lance  
  104  7:05  Probe  
  104  7:07  Probe x2, Twilight Council  
  107  7:09  Pylon  
  107  7:17  Probe  
  107  7:21  Stalker x2  
  107  7:22  Stalker  
  116  7:24  Pylon  
  116  7:25  Pylon  
  116  7:26  Pylon  
  116  7:27  Colossus  
  117  7:44  Probe  
  117  7:45  Probe  
  117  7:46  Pylon, Probe  
  118  7:52  Pylon  
  118  7:53  Probe  
  118  7:56  Probe  
  118  7:58  Probe  
  121  8:03  Stalker x2  
  125  8:08  Colossus  
  125  8:09  Probe  
  112  8:13  Stalker  
  112  8:18  Probe  
  105  8:20  Probe  
  105  8:22  Probe  
  105  8:26  Probe  
  109  8:27  Stalker x2  
  109  8:32  Probe  
  104  8:35  Probe  
  103  8:44  Probe  
  103  8:47  Nexus  
  104  8:53  Sentry x2  
  104  8:54  Stalker  
Tags
 
Add a new tag
Caveats
  • Supply blocks, unpowered buildings, or Contaminate may cause inaccurate times.
  • Supply counts are checked every 10 seconds.